 Dungeon Crawl Stone Soup version 0.27.1-33-g824d729ab1 (webtiles) character file.

Game seed: 86227529840004993

273 L75 the Skirmisher (level 6, -1/40 HPs)
             Began as a Gargoyle Berserker on Dec 28, 2021.
             Was a Believer of Trog.
             Killed by divine providence
             ... invoked by an orc priest
              (12 damage)
             ... on level 3 of the Dungeon.
             The game lasted 00:53:43 (4341 turns).

L75 the Skirmisher (Gargoyle Berserker)             Turns: 4341, Time: 00:53:44

Health: -1/40      AC: 10    Str: 23    XL:     6   Next: 24%
Magic:  6/6        EV: 11    Int:  7    God:    Trog [**....]
Gold:   51         SH:  0    Dex:  9    Spells: 5/5 levels left

rFire    . . .     SeeInvis .   i - +0 battleaxe
rCold    . . .     Faith    .   (shield currently unavailable)
rNeg     + . .     Spirit   .   m - +0 ring mail
rPois    ∞         Reflect  .   (no helmet)
rElec    +         Harm     .   (no cloak)
rCorr    .         Rampage  .   (no gloves)
Will     .....                  (no boots)
Stlth    ..........             (no amulet)
HPRegen  0.13/turn              (no ring)
MPRegen  0.10/turn              (no ring)

@: no status effects
A: sickness immunity, AC +4, negative energy resistance 1, electricity
resistance, torment resistance 1, petrification resistance
a: Renounce Religion, Berserk, Trog's Hand


You were on level 3 of the Dungeon.
You worshipped Trog.
Trog was pleased with you.
You visited 1 branch of the dungeon, and saw 3 of its levels.

You collected 51 gold pieces.

Inventory:

Hand Weapons
 a - a +0 hand axe
 b - a +2 spear of venom
 g - a +1 spear of venom
 i - a +0 battleaxe (weapon)
 p - a +0 war axe
Missiles
 c - 16 arrows
 d - 96 stones (quivered)
 j - 31 bolts
Armour
 l - a +0 plate armour
 m - a +0 ring mail (worn)
Wands
 q - a wand of digging (1)
Scrolls
 e - 2 scrolls of identify {unknown}
 h - a scroll of vulnerability {unknown}
 k - a scroll of enchant weapon {unknown}
 n - a scroll of fear {unknown}
Potions
 f - a potion of curing {unknown}
 o - a potion of degeneration {unknown}


   Skills:
 + Level 4.9 Fighting
 * Level 4.8 Axes
 + Level 3.4 Armour
 - Level 1.5 Dodging


You had 5 spell levels left.
You didn't know any spells.
Your spell library was empty.

Dungeon Overview and Level Annotations

Branches:
Dungeon (3/15)

Altars:
Wu Jian


Innate Abilities, Weirdness & Mutations

You are immune to sickness and miasma.
Your stone body is resilient. (AC +4)
You are immune to poison.
You resist negative energy. (rN+)
You are resistant to electric shocks. (rElec)
You are resistant to unholy torment.
You are immune to petrification.


Message History

You closely miss the quokka. The quokka closely misses you.
The quokka bites you but does no damage.
You hit the quokka.
The quokka is moderately wounded.
The quokka barely misses you. The quokka closely misses you.
You barely miss the quokka.
The quokka is moderately wounded.
The quokka bites you.
* * * LOW HITPOINT WARNING * * *
The quokka closely misses you.
You closely miss the quokka.
The quokka is moderately wounded.
An orc comes into view. It is wielding a +0 club.
The quokka closely misses you.
You closely miss the quokka.
The quokka is moderately wounded.
The orc shouts!
The quokka misses you.
The quokka bites you but does no damage.
You closely miss the quokka.
The quokka is moderately wounded.
The quokka bites you but does no damage. x2
You hit the quokka.
The quokka is almost dead.
The quokka bites you.
* * * LOW HITPOINT WARNING * * *
The quokka closely misses you.
You miss the quokka.
The quokka is almost dead.
The orc priest shouts!
An orc comes into view. It is wielding a +0 dagger.
The quokka bites you but does no damage.
An orc comes into view. It is wielding a +0 club.
The orc hits you with a +0 club.
* * * LOW HITPOINT WARNING * * *
The quokka misses you.
The orc shouts!
The orc priest mumbles some strange prayers to Beogh against you.
Beogh smites you!
You die...

...≈.≈..# ≈.≈.≈≈≈.≈..#
.≈.......≈..# ####
..≈≈≈≈≈≈≈≈.o# #.#.#
...(..o....# #.#.# ##
#.....###(###.#.# ##.###
#.....##).##.#.# #..#.##
#....÷##)##.#.#######.##..#
#......)..@.o.........#....
#.....###.#r.....o.....)##.
##.....#........##oo...)<÷..
#......÷.....#######.###.[###
##.............# #...##..###
....(........#.# #.##.#.#...
...(.(.......#.####.###..#...
..(....#.......r.............
.(..(#.......####.#...###....


You could see an orc priest, 2 orcs and a quokka.

Vanquished Creatures
  A scorpion (D:3)
  An orc priest (D:3)
  Ijyb (D:3)
  4 gnolls (D:2)
  4 adders
  A dart slug (D:2)
  7 orcs (D:3)
  9 ball pythons
  9 endoplasms
  2 giant cockroaches
  10 goblins
  5 hobgoblins
  2 jackals
  3 quokkas
  2 bats (D:1)
  4 frilled lizards
  4 kobolds
  5 rats
74 creatures vanquished.

Notes
Turn   | Place    | Note
-------+----------+-------------------------------------------
     0 | D:1      | L75 the Gargoyle Berserker began the quest for the Orb.
     0 | D:1      | Reached XP level 1. HP: 14/14 MP: 1/1
    38 | D:1      | You fall into a shaft and drop 1 floor!
   488 | D:2      | Reached XP level 2. HP: 18/19 MP: 2/2
  1422 | D:1      | Reached XP level 3. HP: 19/24 MP: 3/3
  2234 | D:1      | Reached ** piety under Trog
  2696 | D:2      | Reached XP level 4. HP: 29/29 MP: 4/4
  3426 | D:2      | Reached XP level 5. HP: 33/34 MP: 5/5
  3985 | D:3      | Found an ornate altar of the Wu Jian Council.
  4123 | D:3      | Noticed Ijyb
  4239 | D:3      | Killed Ijyb
  4240 | D:3      | Reached XP level 6. HP: 36/40 MP: 6/6
  4341 | D:3      | Killed from afar by an orc priest

Illustrated notes

Levels and vault maps discovered:
D:1:      dpeg_arrival_three_same_balls, layout_basic
D:2:      layout_basic, minmay_box_of_dots
D:3:      layout_rooms, mainiacjoe_overflow_concentric_impassable,
          chequers_ecumenical_altar_grove, uniq_ijyb

Skill      XL: |  1  2  3  4  5 |
---------------+----------------+-----
Axes           | 3 4 |  4.8
Fighting       | 4 |  4.9
Armour         | 3 |  3.4
Dodging        | |  1.5

Action                   |  1- 3 |  4- 6 || total
-------------------------+-------+-------++-------
Melee: Hand axe          |    22 |       ||    22
       Battleaxe         |    84 |   122 ||   206
Throw: Stone             |    97 |    62 ||   159
Armor: Animal skin       |     6 |       ||     6
       Leather armour    |    24 |       ||    24
       Ring mail         |     6 |    65 ||    71
Dodge: Dodged            |    66 |    80 ||   146
